 Dungeon Crawl Stone Soup version 0.27.1-34-g3ba077fa99 (webtiles) character file.

Game seed: 14005359049497449877

22 Sharkman1231 the Insei (level 2, -3/21 HPs)
             Began as a Demonspawn Transmuter on Jan 17, 2022.
             Slain by Terence (6 damage)
             ... on level 2 of the Dungeon.
             The game lasted 00:01:10 (1455 turns).

Sharkman1231 the Insei (Demonspawn Transmuter)      Turns: 1455, Time: 00:01:10

Health: -3/21      AC:  6    Str: 10    XL:     2   Next: 68%
Magic:  5/5        EV: 19    Int: 14    God:
Gold:   91         SH:  0    Dex: 13    Spells: 4/5 levels left

rFire    + + .     SeeInvis .     - Unarmed
rCold    + + .     Faith    .   (shield currently unavailable)
rNeg     + + +     Spirit   .   (armour currently unavailable)
rPois    ∞         Reflect  .   (helmet currently unavailable)
rElec    +         Harm     .   (cloak currently unavailable)
rCorr    +         Rampage  .   (gloves currently unavailable)
Will     .....                  (boots currently unavailable)
Stlth    +.........             (amulet currently unavailable)
HPRegen  0.07/turn              (ring currently unavailable)
MPRegen  0.09/turn              (ring currently unavailable)

@: wisp-form (expiring), flying
A: insubstial, flying, no casting, tiny, (hooves 1)
a: no special abilities


You were on level 2 of the Dungeon.
You were an insubstantial wisp.
You visited 1 branch of the dungeon, and saw 2 of its levels.

You collected 91 gold pieces.

Inventory:

Missiles
 e - a throwing net
Armour
 a - a +0 robe (melded)
Jewellery
 f - a +4 ring of evasion (melded)
 k - a +6 ring of intelligence (melded)
Scrolls
 b - a scroll of identify {unknown}
 c - a scroll of fog {unknown}
 h - a scroll of blinking {unknown}
 i - a scroll of summoning
Potions
 d - 2 potions of curing {unknown}
 g - a potion of cancellation {unknown}
 j - a potion of ambrosia {unknown}
 l - a potion of flight {unknown}


   Skills:
 + Level 1.5 Fighting
 + Level 2.1 Dodging
 + Level 2.9 Unarmed Combat
 - Level 2.0 Spellcasting
 + Level 2.1 Transmutations


You had 4 spell levels left.
You knew the following spells:

 Your Spells              Type           Power      Damage    Failure   Level
a - Beastly Appendage     Tmut           14%        N/A       10%         1

Your spell library contained the following spells:

 Spells                   Type           Power      Damage    Failure   Level
 Wereblood                Tmut           7%         N/A       16%         2
 Spider Form              Tmut/Pois      2%         N/A       43%         3
 Ice Form                 Ice/Tmut       4%         N/A       83%         4


Dungeon Overview and Level Annotations

Branches:
Dungeon (2/15)

Altars:

Annotations:
D:2 Terence


Innate Abilities, Weirdness & Mutations

You are an insubstantial wisp.
Your tiny insubstantial body is highly resistant to most damage types.
You are flying.
Your equipment is entirely melded.
You are incapable of wielding weapons or throwing items.
You cannot cast spells.
((You have large cloven feet.))


Message History

You start resting.
Terence is nearby!
Terence is nearby!
Terence shouts!
Terence zaps a wand.
You turn into an insubstantial wisp.
Your +0 robe melds into your body.
Your +4 ring of evasion melds into your body.
Your +6 ring of intelligence melds into your body.
You feel stupid.
Terence zaps a wand.
You resist with significant effort.
Terence zaps a wand.
The now-empty wand crumbles to dust.
Your transformation is almost over.
Terence throws a stone.
The stone completely misses you. Terence misses you.
You touch Terence.
Terence is lightly wounded.
Terence misses you.
You touch Terence.
Terence is moderately wounded.
Terence completely misses you.
You touch Terence but do no damage.
Terence is moderately wounded.
Terence hits you but does no damage.
You touch Terence.
Terence is heavily wounded.
Terence closely misses you.
You barely miss Terence.
Terence is heavily wounded.
Terence hits you with a +0 trident.
You touch Terence but do no damage.
Terence is heavily wounded.
Terence misses you.
You touch Terence.
Terence is heavily wounded.
Terence hits you with a +0 trident!
* * * LOW HITPOINT WARNING * * *
You touch Terence but do no damage.
Terence is heavily wounded.
Terence hits you with a +0 trident.
You die...

######## ### .......# ..
######.# .# ..#
#.######### ######†######
..#
#..(......###....††.....#
..#
#..######..v@.####.####.#
..# #..# ####### .# ..#
#..# .# ### #..# .# #..##
.. ######...# ..
.........# #. ########.#
# #.#


You could see Terence.

Vanquished Creatures
  A dart slug (D:1)
  2 endoplasms
  A giant cockroach (D:1)
  A goblin (D:1)
  3 hobgoblins
  4 jackals (D:2)
  3 frilled lizards
  A kobold (D:1)
  2 rats (D:1)
18 creatures vanquished.

Notes
Turn   | Place    | Note
-------+----------+-------------------------------------------
     0 | D:1      | Sharkman1231 the Demonspawn Transmuter began the quest for
                  | the Orb.
     0 | D:1      | Reached XP level 1. HP: 15/15 MP: 3/3
   657 | D:1      | Gained mutation: You have large cloven feet. [demonic
                  | ancestry]
   657 | D:1      | Reached XP level 2. HP: 20/21 MP: 5/5
  1140 | D:2      | Noticed Terence
  1455 | D:2      | Slain by Terence

Illustrated notes

Levels and vault maps discovered:
D:1:      psy_arrival_fountain, layout_basic, minivault_19, dk_noncrumbling_3,
          minmay_tetromino_i2
D:2:      layout_loops_ring, uniq_terence

Skill      XL: |  1 |
---------------+----+-----
Dodging        | 2 |  2.1
Transmutations | 2 |  2.1
Fighting       | |  1.5
Unarmed Combat | |  2.9
Spellcasting   | |  2.0

Action                   || total
-------------------------++-------
Melee: Unarmed           ||    80
       Kick              ||     7
 Cast: Beastly Appendage ||     1
  Use: Scroll            ||     1
Armor: Robe              ||    10
       Skin              ||     1
Dodge: Dodged            ||    70
